 Dungeon Crawl Stone Soup version 0.28-a0-1190-g77e1c55843 (webtiles) character file.

Game seed: 211417527574215614

109 ChaosChampion the Insei (level 4, -3/37 HPs)
             Began as a Draconian Transmuter on Dec 18, 2021.
             Slain by Pargi (7 damage)
             ... in a sewer.
             The game lasted 00:03:45 (2735 turns).

ChaosChampion the Insei (Draconian Transmuter)      Turns: 2735, Time: 00:03:46

Health: -3/37      AC:  5    Str: 12    XL:     4   Next: 59%
Magic:  4/7        EV: 12    Int: 15    God:
Gold:   54         SH:  0    Dex: 12    Spells: 4/7 levels left

rFire   . . .      SeeInvis .     - Unarmed
rCold   . . .      Faith    .   (no shield)
rNeg    . . .      Spirit   .   (armour unavailable)
rPois   .          Reflect  .   (helmet currently unavailable)
rElec   .          Harm     .   (no cloak)
rCorr   .          Rampage  .   (no gloves)
Will    +....                   (boots currently unavailable)
Stlth   +.........              (no amulet)
HPRegen 0.12/turn               d - ring of willpower
MPRegen 0.10/turn               (no ring)

@: appendages (expiring), wereblooded
A: horns 2, talons 2, AC +5, unfitting armour, cold-blooded
a: End Transformation


You were in a sewer.
You had temporarily grown beastly horns and talons.
You visited 1 branch of the dungeon, and saw 3 of its levels.
You also visited: Sewer.

You collected 54 gold pieces.

Inventory:

Missiles
 e - 2 throwing nets
 k - 12 poisoned darts
Armour
 c - a +0 helmet
Jewellery
 d - a ring of willpower (left hand)
Scrolls
 b - 3 scrolls of noise {unknown}
 i - 2 scrolls of teleportation {unknown}
Potions
 a - 2 potions of flight {unknown}
 f - a potion of heal wounds {unknown}
 g - a potion of degeneration {unknown}
 h - a potion of magic {unknown}
 j - 2 potions of invisibility {unknown}


   Skills:
 + Level 2.9 Fighting
 - Level 1.7 Dodging
 + Level 3.9 Unarmed Combat
 - Level 2.0 Spellcasting
 + Level 3.3 Transmutations


You had 4 spell levels left.
You knew the following spells:

 Your Spells              Type           Power      Damage    Failure   Level
a - Beastly Appendage     Tmut           22%        N/A       6%          1
b - Wereblood             Tmut           11%        N/A       9%          2

Your spell library contained the following spells:

 Spells                   Type           Power      Damage    Failure   Level
 Spider Form              Tmut/Pois      6%         N/A       34%         3
 Ice Form                 Ice/Tmut       6%         N/A       75%         4


Dungeon Overview and Level Annotations

Branches:
Dungeon (3/15)              Sewer (1/1)

Altars:

Shops:
D:2 *   D:3 ?

Annotations:
Sewer Pargi


Innate Abilities, Weirdness & Mutations

You have temporarily grown beastly horns and talons.
Your plain brown scales are hard. (AC +5)
You cannot fit into any form of body armour.
You are cold-blooded and may be slowed by cold attacks.


Message History

Pargi is heavily wounded.
Pargi bites you. Pargi claws you but does no damage. Pargi barely misses you.
The frilled lizard bites you but does no damage.
You barely miss Pargi. Your headbutt misses Pargi.
You tail-slap Pargi, but do no damage.
Pargi is heavily wounded.
Pargi closely misses you. Pargi claws you but does no damage. Pargi claws you.
* * * LOW HITPOINT WARNING * * *
The frilled lizard closely misses you.
Okay, then.
Unknown command.
Casting: Beastly Appendage (safe; 6% risk of failure)
Confirm with . or Enter, or press ? or * to list all spells.
Your blood is infused with primal strength.
Pargi barely misses you. Pargi closely misses you. x2
The frilled lizard barely misses you.
You miss the frilled lizard. Pargi bites you but does no damage.
Pargi barely misses you. Pargi closely misses you.
The frilled lizard closely misses you.
You closely miss the frilled lizard. Your kick misses the frilled lizard.
Pargi bites you.
* * * LOW HITPOINT WARNING * * *
Pargi claws you but does no damage. Pargi barely misses you.
The frilled lizard bites you but does no damage.
You barely miss the frilled lizard. Your kick misses the frilled lizard.
Your headbutt misses the frilled lizard.
Your tail-slap misses the frilled lizard.
Pargi misses you. x2; Pargi barely misses you.
You hit the frilled lizard.
You feel a bit better.
You kill the frilled lizard!
Your transformation is almost over.
You hit Pargi but do no damage.
Your tail-slap misses Pargi.
Pargi is moderately wounded.
Pargi bites you!
* * * LOW HITPOINT WARNING * * *
Pargi misses you. Pargi claws you but does no damage.
You barely miss Pargi. Your kick misses Pargi. Your headbutt misses Pargi.
Pargi is moderately wounded.
Pargi bites you!
You die...

##############
≈≈≈≈≈≈≈≈≈#≈≈≈#####
≈≈≈≈≈≈≈≈≈≈≈≈≈≈≈≈≈#
≈≈≈≈≈≈≈≈≈≈≈≈≈≈≈≈≈###
≈≈≈≈≈≈≈≈≈≈≈≈≈≈≈≈≈≈≈#
≈≈≈≈≈≈≈≈≈≈≈≈≈≈≈≈≈≈≈###
≈≈≈≈≈≈≈≈≈≈≈≈≈≈≈≈≈≈≈≈≈#
≈≈≈≈≈≈T@≈≈≈≈≈≈≈≈≈≈≈≈≈##
≈≈≈≈≈≈###.≈≈≈≈≈≈≈≈≈≈≈≈#
≈≈... ####≈≈≈≈≈≈≈≈≈≈#
≈..# #.≈≈≈≈≈≈≈≈≈# ##
#.##≈≈≈≈≈≈≈##
#####≈≈≈≈≈≈≈≈ ##≈≈≈≈≈≈#
##†≈≈≈≈≈≈# #.≈≈≈≈≈≈##


You could see Pargi.

Vanquished Creatures
  A hound (D:2)
  An adder (D:2)
  2 worms (D:3)
  3 bats (D:1)
  8 endoplasms
  4 giant cockroaches
  8 goblins
  4 hobgoblins (D:3)
  6 jackals (D:1)
  4 kobolds
  3 quokkas (D:3)
  4 ball pythons
  4 frilled lizards
  7 rats
59 creatures vanquished.

Vanquished Creatures (others)
  2 plants (D:2)
2 creatures vanquished.

Grand Total: 61 creatures vanquished

Notes
Turn   | Place    | Note
-------+----------+-------------------------------------------
     0 | D:1      | ChaosChampion the Draconian Transmuter began the quest for
                  | the Orb.
     0 | D:1      | Reached XP level 1. HP: 16/16 MP: 3/3
   294 | D:1      | Reached XP level 2. HP: 16/23 MP: 5/5
   413 | D:1      | Learned a level 2 spell: Wereblood
   898 | D:1      | Reached XP level 3. HP: 29/29 MP: 6/6
   939 | D:1      | Found a faded altar of an unknown god.
  1529 | D:2      | Reached XP level 4. HP: 28/37 MP: 7/7
  1777 | D:2      | Found Dariczio's Assorted Antiques.
  2381 | D:3      | Found Fere's Magic Scroll Shop.
  2627 | D:3      | Found a glowing drain.
  2699 | Sewer    | Entered a sewer
  2719 | Sewer    | Noticed Pargi
  2735 | Sewer    | Slain by Pargi

Illustrated notes

Levels and vault maps discovered:
D:1:      psy_arrival_terrarium, layout_loops_ring,
          dilly_ecumenical_altar_fadedgnrine
D:2:      layout_loops_ring, serial_shops, shop, minmay_misc_feat_encased,
          serial_bayou_pond_e
D:3:      layout_loops_ring, serial_shops, shop, gup_sewer_entry_spiral
Sewer:    sewer_co_pargi_island

Skill      XL: |  1  2  3 |
---------------+----------+-----
Fighting       | 2 |  2.9
Transmutations | 3 |  3.3
Dodging        | |  1.7
Unarmed Combat | |  3.9
Spellcasting   | |  2.0

Action                   |  1- 3 |  4- 6 || total
-------------------------+-------+-------++-------
Melee: Unarmed           |    91 |   111 ||   202
       Kick              |    17 |    11 ||    28
       Headbutt          |     7 |     3 ||    10
       Tailslap          |     6 |    12 ||    18
       Punch             |     1 |     2 ||     3
 Cast: Beastly Appendage |    15 |    13 ||    28
       Wereblood         |     6 |     2 ||     8
Armor: Skin              |    27 |    28 ||    55
Dodge: Dodged            |    60 |    59 ||   119

Table legend: (Time is in decaauts)
 A = Elapsed time spent in this place.
 B = Non-inter-level travel time spent in this place.
 C = Inter-level travel time spent in this place.
 D = Time resting spent in this place.
 E = Time spent auto-exploring this place.
 F = Levels seen in this place.
 G = Mean time per level.
                   A        B        C        D        E       F      G
               +--------+--------+--------+--------+--------+-----+--------+
         Total |   2749 |   2704 |     45 |     68 |   2001 |   4 |  687.2 |
       Dungeon |   2708 |   2663 |     45 |     68 |   2001 |   3 |  902.7 |
         Sewer |     41 |     41 |      0 |      0 |      0 |   1 |   41.0 |
               +--------+--------+--------+--------+--------+-----+--------+

Top non-repeatable levels by time:
     D:1: 1326 daAuts
     D:2: 746 daAuts
     D:3: 635 daAuts
   Sewer: 41 daAuts
